 Dungeon Crawl Stone Soup version 0.30-a0-121-gb27577e5d9 (webtiles) character file.

Game seed: 9107292555696905579

129 purpskrrrp the Trooper (level 4, -3/37 HPs)
             Began as a Demonspawn Fighter on Sept 15, 2022.
             Slain by a gnoll
             ... wielding a +0 whip
              (7 damage)
             ... on level 3 of the Dungeon.
             The game lasted 00:04:18 (3104 turns).

purpskrrrp the Trooper (Demonspawn Fighter)         Turns: 3104, Time: 00:04:18

Health: -3/37      AC:  9    Str: 19    XL:     4   Next: 88%
Magic:  4/4        EV:  9    Int:  9    God:
Gold:   105        SH: 10    Dex: 12    Spells: 3/3 levels left

rFire   . . .      SeeInvis .    a - +0 war axe
rCold   . . .      Faith    .    c - +2 buckler
rNeg    . . .      Spirit   .    b - +0 scale mail
rPois   .          Reflect  .    (no helmet)
rElec   .          Harm     .    o - +0 cloak
rCorr   .          Rampage  .    (no gloves)
Will    +....                    e - +0 pair of boots
Stlth   ..........               (no amulet)
HPRegen 0.12/turn                n - ring of willpower
MPRegen 0.09/turn                (no ring)

@: no status effects
A: claws 1, large bone plates 1, ignite blood 1
a: no special abilities


You were on level 3 of the Dungeon.
You visited 1 branch of the dungeon, and saw 3 of its levels.

You collected 105 gold pieces.

Inventory:

Hand Weapons
 a - a +0 war axe (weapon)
 m - a +4 quarterstaff of chaos
Armour
 b - a +0 scale mail (worn)
 c - a +2 buckler (worn)
 e - a +0 pair of boots (worn)
 o - a +0 cloak (worn)
Jewellery
 n - a ring of willpower (left claw)
Scrolls
 d - a scroll of noise
 p - 5 scrolls of identify
Potions
 f - 2 potions of mutation {unknown}
 g - 2 potions of magic {unknown}
 h - a potion of flight {unknown}
 i - 3 potions of curing
 j - a potion of cancellation {unknown}
 k - a potion of heal wounds {unknown}
 l - a potion of lignification {unknown}


   Skills:
 + Level 3.8 Fighting
 + Level 2.7 Axes
 + Level 3.4 Armour
 + Level 3.4 Shields


You had 3 spell levels left.
You didn't know any spells.
Your spell library was empty.

Dungeon Overview and Level Annotations

Branches:
Dungeon (3/15)

Altars:

Shops:
D:2 (


Innate Abilities, Weirdness & Mutations

You have sharp fingernails.
You are partially covered in large bone plates. (SH +4)
Your demonic aura sometimes causes spilled blood to erupt in flames.


Message History

The gnoll hits you from afar with a +0 spear.
The gnoll barely misses you.
You barely miss the gnoll.
The gnoll is moderately wounded.
The gnoll completely misses you. You block the gnoll's attack.
The gnoll hits you but does no damage. The gnoll barely misses you.
You barely miss the gnoll.
The gnoll is moderately wounded.
The gnoll hits you but does no damage. The gnoll closely misses you.
You hit the gnoll.
The gnoll is heavily wounded.
The gnoll hits you from afar with a +0 spear.
The gnoll hits you but does no damage. You block the gnoll's attack.
The gnoll hits you from afar with a +0 spear.
You barely miss the gnoll.
The gnoll is heavily wounded.
You block the gnoll's attack. x2
You hit the gnoll.
The gnoll is severely wounded.
You block the gnoll's attack. The gnoll hits you with a +0 whip.
The gnoll hits you but does no damage. The gnoll barely misses you.
You barely miss the gnoll.
The gnoll is severely wounded.
The gnoll hits you from afar with a +0 spear.
The gnoll hits you with a +0 whip.
* * * LOW HITPOINT WARNING * * *
You are too injured to fight recklessly!
You are too injured to fight recklessly!
You hit the gnoll but do no damage.
The gnoll is severely wounded.
You block the gnoll's attack. The gnoll barely misses you.
You hit the gnoll.
The gnoll is almost dead.
You block the gnoll's attack. The gnoll hits you with a +0 whip!
* * * LOW HITPOINT WARNING * * *
The gnoll completely misses you. The gnoll hits you but does no damage.
You closely miss the gnoll.
The gnoll is almost dead.
The gnoll barely misses you. The gnoll hits you with a +0 whip!
You die...

#...........#
#....####...######
#..###.......^..
###.........######
..#..#####.##
#.#..# #.# #.#..#
#.# #..###.#..#
#+# #.....@g..#
######.#### ..g.
#...## ......
#.....# #..#...
#..###.


You could see 2 gnolls.

Vanquished Creatures
  Crazy Yiuf (D:2)
  A gnoll (D:3)
  2 adders (D:2)
  3 worms (D:2)
  A dart slug (D:1)
  6 ball pythons
  4 bats
  5 endoplasms
  3 giant cockroaches
  10 goblins
  4 hobgoblins
  2 jackals (D:1)
  2 quokkas
  10 kobolds
  3 rats
57 creatures vanquished.

Notes
Turn   | Place    | Note
-------+----------+-------------------------------------------
     0 | D:1      | purpskrrrp the Demonspawn Fighter began the quest for the
                  | Orb.
     0 | D:1      | Reached XP level 1. HP: 18/18 MP: 1/1
   324 | D:1      | Gained mutation: You have sharp fingernails. [demonic
                  | ancestry]
   324 | D:1      | Reached XP level 2. HP: 13/24 MP: 2/2
  1275 | D:1      | Gained mutation: Your demonic aura sometimes causes spilled
                  | blood to erupt in flames. [demonic ancestry]
  1275 | D:1      | Reached XP level 3. HP: 28/29 MP: 3/3
  2021 | D:2      | Found a runed translucent door.
  2022 | D:2      | Noticed Crazy Yiuf
  2200 | D:2      | Gained mutation: You are partially covered in large bone
                  | plates. (SH +4) [demonic ancestry]
  2200 | D:2      | Reached XP level 4. HP: 35/35 MP: 4/4
  2357 | D:2      | Found Cumucrio's Weapon Emporium.
  2782 | D:2      | Killed Crazy Yiuf
  3104 | D:3      | Slain by a gnoll

Illustrated notes

Levels and vault maps discovered:
D:1:      erik_arrival_blinker_ship, layout_basic,
          chequers_serial_rivers_micro_e
D:2:      layout_loops_ring, serial_shops, nicolae_shop_bloodbath_and_beyond,
          minmay_small_reverse_x, uniq_crazy_yiuf_cottage
D:3:      layout_loops_corners

Skill      XL: |  1  2 |
---------------+-------+-----
Axes           | 2 |  2.7
Shields        | 3 |  3.4
Armour         | 3 |  3.4
Fighting       | |  3.8

Action                   |  1- 3 |  4- 6 || total
-------------------------+-------+-------++-------
Melee: War axe           |   105 |    69 ||   174
  Use: Potion            |     1 |     1 ||     2
       Scroll            |     5 |     3 ||     8
Armor: Scale mail        |    71 |    22 ||    93
Dodge: Dodged            |    61 |    34 ||    95
Block: Buckler           |    24 |    34 ||    58

Table legend: (Time is in decaauts)
 A = Elapsed time spent in this place.
 B = Non-inter-level travel time spent in this place.
 C = Inter-level travel time spent in this place.
 D = Time resting spent in this place.
 E = Time spent auto-exploring this place.
 F = Levels seen in this place.
 G = Mean time per level.
                   A        B        C        D        E       F      G
               +--------+--------+--------+--------+--------+-----+--------+
         Total |   3177 |   3073 |    104 |    287 |   2373 |   3 | 1059.0 |
       Dungeon |   3177 |   3073 |    104 |    287 |   2373 |   3 | 1059.0 |
               +--------+--------+--------+--------+--------+-----+--------+

Top non-repeatable levels by time:
     D:2: 1488 daAuts
     D:1: 1460 daAuts
     D:3: 229 daAuts
